AoeStats
← Sir Knight 999

Arena

510021350Analyzed
1v1 RM · 2d ago on Sep 29, 2026· 37m 30s· 2 players
Game mode
Random Map
Map size
Tiny (2 player)
Population
200
Speed
Normal
Resources
Standard
Victory
Conquest
Starting age
Dark Age
Ending age
Imperial Age
RankedLock teamsTeams togetherTeam positionsShared explorationLock speedFull tech treeHidden civsTurbo modeCheats
Victory
Defeat
🇹🇼 Byzantines · Taiwan
1010
+14
🇺🇸 Khmer · United States
968
-14
Sir Knight 999
0:27 Loom
8:04 Loom
10:49 Feudal Age
14:31 Castle Age
26:43 Wheelbarrow
25:53 Town Watch
26:03 Horse Collar
26:15 Double-Bit Axe
27:00 Scale Barding Armor
27:17 Ballistics
28:10 Hand Cart
27:56 Town Patrol
33:22 Imperial Age
30:56 Husbandry
31:07 Bloodlines
31:25 Chain Barding Armor
32:45 Bow Saw
32:54 Heavy Plow
34:12 Fortified Wall
35:05 Chemistry
34:11 Siege Engineers
34:44 Plate Barding Armor
34:33 Double Crossbow
34:53 Conscription
34:47 Elite Ballista Elephant
HoNgGAn
8:37 Loom
10:27 Feudal Age
9:20 Loom
10:31 Loom
11:56 Loom
15:16 Castle Age
13:53 Double-Bit Axe
16:17 Bow Saw
16:38 Horse Collar
22:00 Wheelbarrow
21:49 Heavy Plow
27:42 Imperial Age
25:29 Gold Mining
27:00 Fervor
27:34 Hand Cart
28:04 Scale Barding Armor
28:10 Forging
28:03 Scale Mail Armor
28:46 Conscription
29:37 Gold Shaft Mining
29:41 Squires
29:38 Stone Mining
30:56 Two-Man Saw
29:51 Pikeman
31:50 Crop Rotation
32:26 Onager
33:18 Halberdier
35:07 Iron Casting
37:50 Chain Barding Armor
37:46 Chain Mail Armor
Connection lost

Rejoining the realm…

Still unreachable

The connection could not be restored.

Session expired

The server has moved on; the page needs a fresh start.